 Dungeon Crawl Stone Soup version 0.29.1-15-g9cfb28693d (webtiles) character file.

Game seed: 11427558702382046258

853 Renzlar the Shield-Bearer (level 8, -2/67 HPs)
             Began as a Gnoll Fighter on Mar 11, 2023.
             Was a Believer of Okawaru.
             Slain by Duvessa
             ... wielding a +2 short sword of electrocution
              (12 damage)
             ... on level 5 of the Dungeon.
             The game lasted 00:12:15 (4537 turns).

Renzlar the Shield-Bearer (Gnoll Fighter)           Turns: 4537, Time: 00:12:15

Health: -2/67      AC: 14    Str: 18    XL:     8   Next: 1%
Magic:  10/12      EV: 10    Int:  7    God:    Okawaru [**....]
Gold:   226        SH:  7    Dex: 12    Spells: 13/13 levels left

rFire   . . .      SeeInvis .   a - +0 war axe
rCold   . . .      Faith    .   m - +0 buckler
rNeg    + . .      Spirit   .   e - +0 chain mail
rPois   .          Reflect  .   (no helmet)
rElec   .          Harm     .   i - +0 cloak
rCorr   .          Rampage  .   (no gloves)
Will    .....                   (no boots)
Stlth   +.........              (no amulet)
HPRegen 0.21/turn               k - ring of positive energy
MPRegen 0.13/turn               (no ring)

@: heroic
A: fangs 1, strong nose, distributed training
a: Renounce Religion, Heroism


You were on level 5 of the Dungeon.
You worshipped Okawaru.
Okawaru was pleased with you.
You visited 1 branch of the dungeon, and saw 5 of its levels.

You collected 226 gold pieces.

Inventory:

Hand Weapons
 a - a +0 war axe (weapon)
 c - a +0 sling
 j - a +2 mace of protection
 o - a +0 hand axe of flaming
Missiles
 p - 2 javelins (quivered)
Armour
 b - a +0 scale mail
 e - a +0 chain mail (worn)
 i - a +0 cloak (worn)
 m - a +0 buckler (worn)
Jewellery
 k - a ring of positive energy (left hand)
Scrolls
 h - 2 scrolls of magic mapping
 q - a scroll of teleportation
Potions
 d - 2 potions of cancellation
 g - 2 potions of brilliance {unknown}
 l - a potion of attraction {unknown}
 n - a potion of lignification {unknown}
 r - a potion of magic {unknown}


   Skills:
 + Level 7.2(12.2) Fighting
 + Level 3.0(8.0) Short Blades
 + Level 3.0(8.0) Long Blades
 + Level 5.5(10.5) Axes
 + Level 3.0(8.0) Maces & Flails
 + Level 3.0(8.0) Polearms
 + Level 3.0(8.0) Staves
 + Level 3.0(8.0) Ranged Weapons
 + Level 3.0(8.0) Throwing
 + Level 7.2(12.2) Armour
 + Level 3.0(8.0) Dodging
 + Level 3.0(8.0) Stealth
 + Level 7.2(12.2) Shields
 + Level 3.0(8.0) Unarmed Combat
 + Level 3.0 Spellcasting
 + Level 2.4 Conjurations
 + Level 2.4 Hexes
 + Level 2.4 Summonings
 + Level 2.4 Necromancy
 + Level 2.4 Translocations
 + Level 2.4 Transmutations
 + Level 2.4 Fire Magic
 + Level 2.4 Ice Magic
 + Level 2.4 Air Magic
 + Level 2.4 Earth Magic
 + Level 2.4 Poison Magic
 + Level 3.3 Invocations
 + Level 3.0 Evocations


You had 13 spell levels left.
You didn't know any spells.
Your spell library was empty.

Dungeon Overview and Level Annotations

Branches:
Dungeon (5/15)
 Temple: D:4-7

Altars:
Okawaru

Annotations:
D:5 Duvessa


Innate Abilities, Weirdness & Mutations

You have very sharp teeth.
Your uncanny sense of smell can sniff out nearby items.
Your experience applies equally to all skills.


Message History

Your base Staves skill increases to level 3!
Your base Ranged Weapons skill increases to level 3!
Your base Throwing skill increases to level 3!
Your base Dodging skill increases to level 3!
Your base Stealth skill increases to level 3!
Your base Unarmed Combat skill increases to level 3!
Your Spellcasting skill increases to level 3!
Your Evocations skill increases to level 3!
You have reached level 8!
You feel agile.
You barely miss Duvessa.
Duvessa is severely wounded.
Duvessa hits you with a +2 short sword of electrocution!
* * * LOW HITPOINT WARNING * * *
Unknown command.
You hit Duvessa but do no damage. You bite Duvessa, but do no damage.
Duvessa is severely wounded.
Duvessa hits you with a +2 short sword of electrocution.
* * * LOW HITPOINT WARNING * * *
Duvessa hits you with a +2 short sword of electrocution!
* * * LOW HITPOINT WARNING * * *
Unknown command.
Unknown command.
You feel better. You block Duvessa's attack.
You hit Duvessa but do no damage.
Duvessa is severely wounded.
Duvessa hits you with a +2 short sword of electrocution.
* * * LOW HITPOINT WARNING * * *
Duvessa barely misses you.
Unknown command.
You feel better. You block Duvessa's attack.
You closely miss Duvessa.
Duvessa is severely wounded.
Duvessa hits you with a +2 short sword of electrocution.
* * * LOW HITPOINT WARNING * * *
Duvessa completely misses you.
You hit Duvessa but do no damage.
Duvessa is severely wounded.
Duvessa hits you with a +2 short sword of electrocution!
You die...

#((..
.######...
..........
.........
.........
........##
......e).# ∆
.......@.#
########.#####
#.......
#.....##
#.......
#####..#
#....... ##.#
#.......
#.###.......
#..##.......
##.##.......
#..........


You could see Duvessa (berserk).

Vanquished Creatures
  Sigmund (D:4)
  Eustachio (D:4)
  Blork the orc (D:4)
  A bullfrog (D:4)
  A necrophage (D:3)
  Dowan (D:5)
  An orc priest (D:4)
  A hound (D:3)
  2 iguanas (D:4)
  4 gnolls (D:4)
  6 adders
  An ufetubus (D:4)
  2 dart slugs (D:2)
  19 orcs
  5 endoplasms
  2 giant cockroaches (D:2)
  11 goblins
  10 hobgoblins
  3 kobolds
  A quokka (D:1)
  7 ball pythons
  10 bats
  3 frilled lizards
  6 rats
100 creatures vanquished.

Notes
Turn   | Place    | Note
-------+----------+-------------------------------------------
     0 | D:1      | Renzlar the Gnoll Fighter began the quest for the Orb.
     0 | D:1      | Reached XP level 1. HP: 23/23 MP: 1/1
    44 | D:1      | Found a large runed translucent door.
    44 | D:1      | Found a large runed translucent door.
    86 | D:1      | Reached XP level 2. HP: 21/29 MP: 2/2
   110 | D:1      | Reached XP level 3. HP: 16/35 MP: 3/3
   131 | D:1      | Reached skill level 1 in Invocations
   760 | D:1      | Reached skill level 1 in Short Blades
   760 | D:1      | Reached skill level 1 in Long Blades
   760 | D:1      | Reached skill level 1 in Maces & Flails
   760 | D:1      | Reached skill level 1 in Polearms
   760 | D:1      | Reached skill level 1 in Staves
   760 | D:1      | Reached skill level 1 in Ranged Weapons
   760 | D:1      | Reached skill level 1 in Throwing
   760 | D:1      | Reached skill level 1 in Dodging
   760 | D:1      | Reached skill level 1 in Stealth
   760 | D:1      | Reached skill level 1 in Unarmed Combat
   760 | D:1      | Reached skill level 1 in Spellcasting
   760 | D:1      | Reached skill level 1 in Evocations
   956 | D:1      | Found a faded altar of an unknown god.
  1115 | D:2      | Reached XP level 4. HP: 41/41 MP: 5/5
  1150 | D:2      | Found an iron altar of Okawaru.
  1158 | D:2      | Became a worshipper of Warmaster Okawaru
  1613 | D:2      | Reached skill level 1 in Conjurations
  1613 | D:2      | Reached skill level 1 in Hexes
  1613 | D:2      | Reached skill level 1 in Summonings
  1613 | D:2      | Reached skill level 1 in Necromancy
  1613 | D:2      | Reached skill level 1 in Translocations
  1613 | D:2      | Reached skill level 1 in Transmutations
  1613 | D:2      | Reached skill level 1 in Fire Magic
  1613 | D:2      | Reached skill level 1 in Ice Magic
  1613 | D:2      | Reached skill level 1 in Air Magic
  1613 | D:2      | Reached skill level 1 in Earth Magic
  1613 | D:2      | Reached skill level 1 in Poison Magic
  2085 | D:3      | Reached XP level 5. HP: 47/47 MP: 7/7
  2864 | D:4      | Noticed Blork the orc
  2871 | D:4      | Killed Blork the orc
  2872 | D:4      | Reached skill level 5 in Axes
  2872 | D:4      | Reached XP level 6. HP: 29/53 MP: 8/8
  2876 | D:4      | Reached * piety under Okawaru
  3124 | D:4      | Noticed Sigmund
  3139 | D:4      | Killed Sigmund
  3140 | D:4      | Reached XP level 7. HP: 24/60 MP: 8/10
  3810 | D:4      | Noticed Eustachio
  3848 | D:4      | Killed Eustachio
  4203 | D:4      | Reached ** piety under Okawaru
  4481 | D:5      | Entered Level 5 of the Dungeon
  4517 | D:5      | Noticed Dowan
  4518 | D:5      | Noticed Duvessa
  4530 | D:5      | Killed Dowan
  4531 | D:5      | Reached XP level 8. HP: 21/67 MP: 9/12
  4532 | D:5      | HP: 1/67 [Duvessa/+2 short sword of electrocution (8)]
  4537 | D:5      | Slain by Duvessa

Illustrated notes

Levels and vault maps discovered:
D:1:      erik_arrival_cave_to_civilisation [erik_arrival_cave_to_temple],
          layout_basic, hellmonk_ecumenical_altar_run_dry
D:2:      layout_loops_corners, basic_altar, kennysheep_another_room,
          st_stairs_13
D:3:      layout_basic, patterned_corridor
D:4:      layout_basic, uniq_sigmund, uniq_eustachio, uniq_blork_the_orc
D:5:      minmay_polygon_palace, layout_basic, minitemple, ebering_ghost_gozag,
          uniq_duvessa

Skill      XL: |  1  2  3  4  5  6  7 |
---------------+----------------------+-----
Invocations    | 1 2 3 |  3.3
Short Blades   | 1 2 3 |  3.0
Long Blades    | 1 2 3 |  3.0
Maces & Flails | 1 2 3 |  3.0
Polearms       | 1 2 3 |  3.0
Staves         | 1 2 3 |  3.0
Ranged Weapons | 1 2 3 |  3.0
Throwing       | 1 2 3 |  3.0
Dodging        | 1 2 3 |  3.0
Stealth        | 1 2 3 |  3.0
Unarmed Combat | 1 2 3 |  3.0
Spellcasting   | 1 2 3 |  3.0
Evocations     | 1 2 3 |  3.0
Conjurations   | 1 2 |  2.4
Hexes          | 1 2 |  2.4
Summonings     | 1 2 |  2.4
Necromancy     | 1 2 |  2.4
Translocations | 1 2 |  2.4
Transmutations | 1 2 |  2.4
Fire Magic     | 1 2 |  2.4
Ice Magic      | 1 2 |  2.4
Air Magic      | 1 2 |  2.4
Earth Magic    | 1 2 |  2.4
Poison Magic   | 1 2 |  2.4
Axes           | 5 |  5.5
Fighting       | 7 |  7.2
Armour         | 7 |  7.2
Shields        | 7 |  7.2

Action                   |  1- 3 |  4- 6 |  7- 9 || total
-------------------------+-------+-------+-------++-------
Melee: War axe           |   105 |   137 |    89 ||   331
       Bite              |     6 |    11 |    11 ||    28
 Fire: Sling             |       |    25 |    15 ||    40
Throw: Javelin           |       |       |     4 ||     4
Invok: Heroism           |       |     1 |     1 ||     2
  Use: Scroll            |     2 |     5 |     3 ||    10
       Potion            |       |     1 |     2 ||     3
Armor: Scale mail        |    15 |       |       ||    15
       Chain mail        |    27 |   110 |    66 ||   203
Dodge: Dodged            |    51 |    69 |    59 ||   179
Block: Buckler           |    27 |    43 |    43 ||   113
